 Dungeon Sprint DCSS version 0.30.1-9-gdf580d7c3d (webtiles) character file.

Game seed: 2027875944660410381

5945 Heoruswealwe the Impaler (level 10, -2/159 HPs)
             Began as a Minotaur Fighter on Sept 25, 2023.
             Was an Initiate of Gozag.
             Slain by a skyshark (10 damage)
             ... in the Dungeon (Sprint IX: "|||||||||||||||||||||||||||||").
             The game lasted 00:06:42 (691 turns).

Heoruswealwe the Impaler (Minotaur Fighter)          Turns: 691, Time: 00:06:44

Health: -2/159     AC: 16    Str: 25    XL:     10   Next: 54%
Magic:  9/9        EV:  9    Int:  5    God:    Gozag
Gold:   1683       SH:  0    Dex: 10    Spells: 9/9 levels left

rFire   + . .        b - +2 halberd (venom)
rCold   + . .        (shield currently unavailable)
rNeg    . . .        c - +1 chain mail
rPois   .            (helmet restricted)
rElec   .            h - scarf {rC+ rF+}
rCorr   .            (no gloves)
SInv    .            e - +0 pair of boots
Will    .....        (no amulet) Stlth
                     (no ring)
HPRegen 0.46/turn    (no ring)
MPRegen 0.11/turn

%: no teleportation
@: berserking (expiring), very quick
A: horns 2, retaliatory headbutt
a: Renounce Religion, Potion Petition, Call Merchant, Bribe Branch


You were in the Dungeon.
You worshipped Gozag.
Gozag was most pleased with you.
You visited 1 branch You collected 1683 gold pieces.

Inventory:

Hand Weapons
 a - a +0 trident
 b - a +2 halberd of venom (weapon)
Armour
 c - a +1 chain mail (worn)
 d - a +0 buckler
 e - a +0 pair of boots (worn)
 h - a scarf of resistance (worn)
Wands
 f - a wand of paralysis (10)
 k - a wand of acid (10)
Scrolls
 j - 3 scrolls of blinking
 q - a scroll of identify
 r - 6 scrolls of enchant armour
Potions
 g - a potion of haste
 l - a potion of might
 m - 6 potions of curing
 n - a potion of mutation
 o - 2 potions of heal wounds
 p - a potion of invisibility


   Skills:
 + Level 15.5 Fighting
 * Level 20.8 Polearms
 + Level 15.5 Armour
 - Level 3.6 Shields


You had 9 spell levels left.
You didn't know any spells.
Your spell library was empty.

Dungeon Overview and Level Annotations

Branches:
Dungeon (1/1)

Altars:
Cheibriados
Dithmenos
Elyvilon
Fedhas
Gozag
Hepliaklqana
Kikubaaqudgha
Makhleb
Nemelex Xobeh
Okawaru
Qazlal
Ru
Sif Muna
Trog
Uskayaw
Vehumet
Wu Jian
Xom
Yredelemnul
Zin
The Shining One
Jiyva
Lugonu


Innate Abilities, Weirdness & Mutations

You have a pair of horns on your head.
You reflexively headbutt those who attack you in melee.


Message History

* * * LOW HITPOINT WARNING * * *
The ten-headed hydra bites you.
* * * LOW HITPOINT WARNING * * *
The ten-headed hydra bites you but does no damage.
You completely miss the ten-headed hydra.
You headbutt the ten-headed hydra!
The ten-headed hydra is severely wounded.
The skyshark is distracted by your dazzling golden aura.
You slice one of the ten-headed hydra's heads off!
The nine-headed hydra grows two more!
You impale the 11-headed hydra!!
You kill the 11-headed hydra!
The cane toad is no longer distracted by gold.
The cane toad closely misses you. You furiously retaliate!
You headbutt the cane toad.
There is an open door to the Lair, spattered with blood here.
You see here 612 gold pieces.
You impale the cane toad!! You headbutt the cane toad!
The cane toad is almost dead.
The skyshark is no longer distracted by gold.
You barely miss the cane toad. You headbutt the cane toad.
You kill the cane toad!
The skyshark is distracted by your dazzling golden aura.
The skyshark is no longer distracted by gold.
You see here 63 gold pieces.
You feel a strong urge to attack something.
The skyshark bites you.
* * * LOW HITPOINT WARNING * * *
The skyshark tastes blood and grows stronger!
The skyshark tail-slaps you but does no damage.
The skyshark tail-slaps you!
* * * LOW HITPOINT WARNING * * *
You slash the skyshark!
The skyshark is poisoned.
The skyshark is lightly wounded.
You impale the skyshark!!
The skyshark is severely wounded.
The skyshark bites you!
* * * LOW HITPOINT WARNING * * *
The skyshark enters a blood-rage!
The skyshark tail-slaps you!
You die...
Your body crumbles into a pile of gold.

▓.▓.▓.▓
$
▓'▓.▓.▓
$
▓_▓.▓.▓
$
▓_▓.▓.▓
$
▓_▓.▓?▓
$
▓_▓.▓.▓
$
▓_▓.▓$▓
$
▓_▓.▓$▓
$
▓_▓.▓@▓
$
▓_▓.▓l▓
$
▓_▓.▓.▓
$
▓_▓.▓.▓
$
▓_▓.▓.▓
▓_▓.▓.▓
$
▓_▓.▓.▓
$
▓_▓.▓.▓
$ ▓_▓.▓
$


You could see a skyshark (berserk, very poisoned).

Vanquished Creatures
  A hydra (D)
  A centaur warrior (D)
  A two-headed ogre (D)
  A deep elf pyromancer (D)
  An ugly thing (D)
  2 cyclopes (D)
  Joseph (D)
  3 cane toads (D)
  A komodo dragon (D)
  2 trolls (D)
  2 yaks (D)
  A water moccasin (D)
  2 centaurs (D)
  A kobold brigand (D)
  A bullfrog (D)
  A scorpion (D)
  A hound (D)
  An adder (D)
  A white imp (D)
  An orc (D)
  A hobgoblin (D)
  2 bats (D)
  A frilled lizard (D)
  A kobold (D)
31 creatures vanquished.

Notes
Turn   | Place    | Note
-------+----------+-------------------------------------------
     0 | D        | Heoruswealwe the Minotaur Fighter began the quest for the
                  | Orb.
     0 | D        | Reached XP level 1. HP: 19/19 MP: 0/0
    10 | D        | Reached skill level 3 in Polearms
    31 | D        | Noticed a hound
    31 | D        | Noticed a scorpion
    34 | D        | Killed a hound
    35 | D        | Reached skill level 5 in Fighting
    35 | D        | Reached skill level 5 in Polearms
    35 | D        | Reached skill level 5 in Armour
    35 | D        | Reached XP level 2. HP: 25/29 MP: 1/1
    35 | D        | Reached XP level 3. HP: 31/36 MP: 2/2
    42 | D        | Reached skill level 6 in Polearms
    44 | D        | Killed a scorpion
    45 | D        | Reached skill level 8 in Polearms
    45 | D        | Reached XP level 4. HP: 41/45 MP: 3/3
    54 | D        | Found a snail-covered altar of Cheibriados.
    54 | D        | Found a shadowy altar of Dithmenos.
    54 | D        | Found a white marble altar of Elyvilon.
    54 | D        | Found a blossoming altar of Fedhas.
    54 | D        | Found an opulent altar of Gozag.
    55 | D        | Found a hazy altar of Hepliaklqana.
    56 | D        | Found a viscous altar of Jiyva.
    57 | D        | Found an ancient bone altar of Kikubaaqudgha.
    58 | D        | Found a corrupted altar of Lugonu.
    59 | D        | Found a burning altar of Makhleb.
    60 | D        | Found a sparkling altar of Nemelex Xobeh.
    61 | D        | Found an iron altar of Okawaru.
    62 | D        | Became a worshipper of Gozag Ym Sagoz the Greedy
    63 | D        | Found a stormy altar of Qazlal.
    64 | D        | Found a sacrificial altar of Ru.
    65 | D        | Found a shimmering blue altar of Sif Muna.
    66 | D        | Found a bloodstained altar of Trog.
    67 | D        | Found a hide-covered altar of Uskayaw.
    68 | D        | Found a radiant altar of Vehumet.
    69 | D        | Found an ornate altar of the Wu Jian Council.
    70 | D        | Found a shimmering altar of Xom.
    71 | D        | Found a basalt altar of Yredelemnul.
    72 | D        | Found a glowing silver altar of Zin.
    73 | D        | Found a glowing golden altar of the Shining One.
   128 | D        | Noticed a centaur
   128 | D        | Noticed a yak
   128 | D        | Noticed a two-headed ogre
   128 | D        | Noticed a centaur
   128 | D        | Noticed a troll
   128 | D        | Noticed a kobold brigand
   131 | D        | Killed a centaur
   132 | D        | Reached skill level 9 in Polearms
   132 | D        | Reached XP level 5. HP: 48/52 MP: 4/4
   138 | D        | Killed a yak
   139 | D        | Reached skill level 11 in Polearms
   139 | D        | Reached XP level 6. HP: 49/62 MP: 5/5
   142 | D        | Killed a two-headed ogre
   143 | D        | Reached skill level 10 in Fighting
   143 | D        | Reached skill level 14 in Polearms
   143 | D        | Reached skill level 10 in Armour
   143 | D        | Reached XP level 7. HP: 25/73 MP: 6/6
   150 | D        | Killed a troll
   151 | D        | Reached skill level 15 in Polearms
   151 | D        | Reached XP level 8. HP: 30/82 MP: 7/7
   311 | D        | Noticed a centaur warrior
   311 | D        | Noticed a white ugly thing
   311 | D        | Noticed a troll
   311 | D        | Noticed a deep elf pyromancer
   311 | D        | Noticed a cyclops
   311 | D        | Noticed a cyclops
   319 | D        | Killed a deep elf pyromancer
   320 | D        | Reached skill level 16 in Polearms
   324 | D        | Killed a centaur warrior
   325 | D        | Reached skill level 17 in Polearms
   325 | D        | Reached XP level 9. HP: 49/93 MP: 8/8
   328 | D        | Killed a white ugly thing
   329 | D        | Reached skill level 18 in Polearms
   331 | D        | Killed a troll
   338 | D        | Killed a cyclops
   343 | D        | Killed a cyclops
   344 | D        | Reached skill level 19 in Polearms
   538 | D        | Noticed Joseph
   539 | D        | Paralysed by Joseph for 2 turns
   552 | D        | Killed Joseph
   553 | D        | Reached XP level 10. HP: 80/104 MP: 9/9
   647 | D        | Noticed a cane toad
   647 | D        | Noticed a cane toad
   653 | D        | Noticed a cane toad
   654 | D        | Killed a cane toad
   657 | D        | Noticed a seven-headed hydra
   670 | D        | Killed a cane toad
   671 | D        | Reached skill level 20 in Polearms
   674 | D        | Noticed a skyshark
   678 | D        | Reached skill level 15 in Fighting
   678 | D        | Reached skill level 15 in Armour
   684 | D        | Killed an 11-headed hydra
   687 | D        | Killed a cane toad
   691 | D        | Slain by a skyshark

Illustrated notes

Levels and vault maps discovered:
D:        linesprint [early_d, line_temple, items_1, d_10, items_2, lair_1,
          lair_end, items_3, orc_1, orc_end, items_4, d_15, swamp_1, shoals_1,
          snake_1, spider_1, d_20, vaults_1, items_5, swamp_end, shoals_end,
          snake_end, spider_end, vaults_end, d_27, items_6, zot_1, zot_end,
          crypt_end, forest_end, elf_end, slime_end, tomb_end, abyss_end,
          pan_hell_end]

Skill      XL: |  1  2  3  4  5  6  7  8  9 10 |
---------------+-------------------------------+-----
Polearms       | 5 8 9 11 14 15 17 19 20 | 20.8
Fighting       | 5 6 7 8 10 11 13 14 15 | 15.5
Armour         | 5 6 7 8 10 11 13 14 15 | 15.5
Shields        | |  3.6

Action                     |  1- 3 |  4- 6 |  7- 9 | 10-12 || total
---------------------------+-------+-------+-------+-------++-------
  Melee: Trident           |    29 |     3 |       |       ||    32
         Headbutt          |     3 |     2 |    13 |     9 ||    27
         Halberd           |       |    13 |    44 |    39 ||    96
    Use: Potion            |       |       |     3 |     1 ||     4
   Stab: Distracted        |       |       |       |     1 ||     1
 Armour: Scale mail        |    17 |       |       |       ||    17
         Chain mail        |       |     6 |    26 |    14 ||    46
  Dodge: Dodged            |    15 |     5 |    10 |    17 ||    47
  Block: Buckler           |     8 |     1 |       |       ||     9
